 Dungeon Crawl Stone Soup version 0.17.0-28-g6e173f8 (console) character file.

5362 Kloppie the Nimble (level 10, -15/69 HPs)
             Began as a High Elf Fire Elementalist on Dec 2, 2015.
             Was a Believer of Vehumet.
             Demolished by Gastronok (37 damage)
             ... on level 1 of the Lair of Beasts.
             The game lasted 00:27:41 (12247 turns).

Kloppie the Nimble (High Elf Fire Elementalist)    Turns: 12247, Time: 00:27:41

Health: -15/69     AC: 11    Str:  7    XL:     10   Next: 39%
Magic:  0/15       EV: 18    Int: 23    God:    Vehumet [**....]
Gold:   500        SH:  0    Dex: 16    Spells: 4 memorised, 2 levels left

rFire  . . .     SeeInvis .     a - +2 rapier (protect)
rCold  . . .     Clarity  .     t - +0 robe
rNeg   + . .     SustAt   .     (no shield)
rPois  .         Gourm    .     u - +0 helmet
rElec  .         Spirit   .     I - +0 cloak
rCorr  .         Warding  .     e - +1 pair of gloves
rMut   .         Stasis   .     (no boots)
MR     +....                    E - amulet of faith
Stlth  ++........               x - ring of positive energy
                                q - ring of wizardry

@: somewhat resistant to hostile enchantments, unstealthy
A: no striking features
a: Renounce Religion


You were on level 1 of the Lair of Beasts.
You worshipped Vehumet.
Vehumet was pleased with you.
You were hungry.

You visited 3 branches of the dungeon, and saw 11 of its levels.

You collected 500 gold pieces.

Inventory:

Hand Weapons
 a - a +2 rapier of protection (weapon)
 b - a +0 falchion
Armour
 e - a +1 pair of gloves (worn)
 t - a +0 robe (worn)
 u - a +0 helmet (worn)
 I - a +0 cloak (worn)
Jewellery
 q - a ring of wizardry (left hand)
 x - a ring of positive energy (right hand)
 E - an amulet of faith (around neck)
Wands
 j - a wand of disintegration (24)
 D - a wand of cold (0)
Scrolls
 d - 4 scrolls of magic mapping
 g - a scroll of remove curse
 i - 2 scrolls of identify
 l - a scroll of amnesia
 p - a scroll of vulnerability {unknown}
 F - 2 scrolls of enchant armour
Potions
 h - a potion of invisibility
 m - 2 potions of haste
 n - 2 potions of brilliance
 o - 4 potions of curing
 v - a potion of magic
 w - 2 potions of flight
 z - a potion of heal wounds
Books
 f - a book of Flames

   Spells                             Type                      Level
   a - Flame Tongue                   Conjuration/Fire             1
   b - Throw Flame                    Conjuration/Fire             2
   c - Conjure Flame                  Conjuration/Fire             3
   d - Inner Flame                    Hexes/Fire                   3
   e - Sticky Flame                   Conjuration/Fire             4
   f - Fireball                       Conjuration/Fire             5
Comestibles
 c - 7 bread rations
 s - 4 beef jerkies
 A - 2 meat rations
 G - 8 slices of pizza


   Skills:
 + Level 6.5 Fighting
 - Level 4.0 Short Blades
 + Level 4.2 Armour
 + Level 8.9 Dodging
 - Level 2.1 Stealth
 - Level 3.0 Spellcasting
 - Level 7.4 Conjurations
 - Level 7.7 Fire Magic


You had 2 spell levels left.
You knew the following spells:

 Your Spells              Type           Power        Failure   Level  Hunger
a - Flame Tongue          Conj/Fire      #####        1%          1    None
b - Conjure Flame         Conj/Fire      #####...     1%          3    ###....
c - Sticky Flame          Conj/Fire      #####...     3%          4    ####...
d - Fireball              Conj/Fire      #####.....   7%          5    ######.


Dungeon Overview and Level Annotations

Branches:
Dungeon (9/15)             Temple (1/1) D:6            Lair (1/8) D:9
    Orc: D:9-12

Altars:
Dithmenos
Fedhas
Nemelex Xobeh
Okawaru
Trog
Vehumet
Zin
The Shining One

Shops:
D:8 ?

Annotations:
D:4 Edmund, Menkaure
D:5 exclusion: centaur
Lair:1 Gastronok


Message History

Evoke which item? (* to show all) (? for menu, Esc to quit)
Zapping:
D - a wand of cold (will waste charges)
Press: ? - help, Shift-Dir - straight line, f/p - Gastronok
Aim: Gastronok, wearing the +3 hat of Pondering {ponderous, MR+ MP+10 Int+5} (heavily wounded, covered in liquid flames, covering ground quickly)
The bolt of cold hits Gastronok.
Gastronok is severely wounded.
Evoking this partially-identified wand wasted a few charges.
Gastronok burns!
Gastronok sloshes about.
Gastronok bites you!!
* * * LOW HITPOINT WARNING * * *
Evoke which item? (* to show all) (? for menu, Esc to quit)
Zapping:
D - a wand of cold {zapped: 3} (will waste charges)
Press: ? - help, Shift-Dir - straight line, f/p - Gastronok
Aim: Gastronok, wearing the +3 hat of Pondering {ponderous, MR+ MP+10 Int+5} (severely wounded, covered in liquid flames, covering ground quickly) Nothing appears to happen.
Gastronok burns!
Drink which item? (? for menu, Esc to quit)
You feel much better.
Gastronok burns!
Gastronok bites you!!!
Ouch! That really hurt!
You die...

#......)+.####..... .. #........##
#w... #.##.##+.## #... ## #....##
#.'# ##.##.# #.## ###...### #..#
#...### ####.## #'########
##.##w.########+##### ........P#
#...@....##P.........
........#####........# P.........
.>......##...........###.........
.......รท.#.##.......##.'.........
........'..#...........#.........
........#####.......####.........
.........# #P##.##.# #..........
###'#.#### ######### ####..P##P.
#[.## #...#


You could see Gastronok (burning).

Vanquished Creatures
  A komodo dragon (Lair:1)
  7 yaks
  A deep elf fighter (D:8)
  A hippogriff (D:8)
  3 wolves (Lair:1)
  A porcupine (D:9)
  A water moccasin (D:6)
  2 orc warriors
  A sky beast (D:6)
  4 ogres
  An eye of draining (D:8)
  An ice beast (D:9)
  2 centaurs
  A phantom (D:5)
  3 crocodiles
  A big kobold (D:8)
  7 giant frogs
  5 killer bees
  3 scorpions
  A crimson imp (D:6)
  2 centaur zombies
  A giant frog skeleton (D:7)
  2 hounds
  3 jellies
  3 orc priests
  4 iguanas
  An orc wizard (D:7)
  12 worker ants
  A killer bee zombie (D:9)
  2 hound skeletons
  8 gnolls
  8 adders
  An adder zombie (D:1)
  An adder skeleton (D:9)
  An ooze (D:6)
  5 worms (D:3)
  6 giant geckos
  17 orcs
  5 bats
  7 giant cockroaches
  3 hobgoblins
  7 kobolds
  4 quokkas
  2 ball pythons
  3 giant gecko zombies
  3 giant newts
  2 goblins (D:3)
  12 rats
173 creatures vanquished.

Vanquished Creatures (others)
  A fungus (Lair:1)
  2 plants (Lair:1)
3 creatures vanquished.

Grand Total: 176 creatures vanquished

Notes
Turn   | Place    | Note
--------------------------------------------------------------
     0 | D:1      | Kloppie the High Elf Fire Elementalist began the quest for the Orb.
     0 | D:1      | Reached XP level 1. HP: 11/11 MP: 4/4
   320 | D:1      | Reached XP level 2. HP: 17/17 MP: 1/6
  1546 | D:2      | Reached XP level 3. HP: 14/21 MP: 5/7
  1857 | D:3      | Learned a level 3 spell: Conjure Flame
  2085 | D:3      | Found a faded altar to an unknown god.
  2354 | D:3      | Noticed a moth of wrath
  2357 | D:3      | Found a bloodstained altar of Trog.
  2620 | D:3      | Reached XP level 4. HP: 16/27 MP: 3/8
  2795 | D:3      | Found a shadowy altar of Dithmenos.
  2940 | D:4      | Reached skill level 4 in Fire Magic
  2982 | D:4      | Noticed an ogre
  3060 | D:3      | Reached XP level 5. HP: 3/31 MP: 1/9
  3475 | D:4      | Learned a level 4 spell: Sticky Flame
  3569 | D:4      | Noticed Edmund
  3742 | D:4      | Noticed a giant frog
  3754 | D:4      | Killed a giant frog
  3754 | D:4      | Reached skill level 5 in Fire Magic
  3754 | D:4      | Reached XP level 6. HP: 29/36 MP: 4/10
  3844 | D:4      | Noticed Menkaure
  4202 | D:5      | Entered Level 5 of the Dungeon
  4208 | D:5      | Reached skill level 5 in Conjurations
  4376 | D:6      | Reached XP level 7. HP: 29/41 MP: 6/11
  4638 | D:5      | Reached skill level 6 in Fire Magic
  5204 | D:5      | Found a glowing silver altar of Zin.
  5683 | D:5      | Found a sparkling altar of Nemelex Xobeh.
  6116 | D:6      | Noticed a water moccasin
  6129 | D:6      | Killed a water moccasin
  6276 | D:6      | Found a staircase to the Ecumenical Temple.
  6292 | Temple   | Entered the Ecumenical Temple
  6395 | Temple   | Became a worshipper of Vehumet
  6667 | D:6      | Reached XP level 8. HP: 39/47 MP: 7/12
  6792 | D:6      | Reached skill level 1 in Fighting
  7303 | D:6      | Reached skill level 5 in Dodging
  7530 | D:7      | Reached skill level 1 in Short Blades
  8839 | D:8      | Reached XP level 9. HP: 38/57 MP: 2/13
  9007 | D:8      | Reached skill level 7 in Dodging
  9151 | D:8      | Learned a level 5 spell: Fireball
  9422 | D:8      | Reached * piety under Vehumet
  9422 | D:8      | Offered knowledge of Shock by Vehumet.
  9616 | D:8      | Found Uwniecw's Magic Scroll Emporium.
 10604 | D:9      | Reached skill level 1 in Armour
 10695 | D:9      | Reached skill level 5 in Fighting
 10798 | D:9      | Found a staircase to the Lair.
 11101 | D:9      | Reached skill level 8 in Dodging
 11344 | D:9      | Found a blossoming altar of Fedhas.
 11485 | D:9      | Offered knowledge of Sandblast by Vehumet.
 11485 | D:9      | Reached XP level 10. HP: 65/68 MP: 3/15
 11495 | Lair:1   | Entered Level 1 of the Lair of Beasts
 11663 | Lair:1   | Reached ** piety under Vehumet
 11692 | Lair:1   | Noticed Gastronok
 12247 | Lair:1   | Demolished by Gastronok

Action                   |  1- 3 |  4- 6 |  7- 9 | 10-12 || total
-------------------------+-------+-------+-------+-------++-------
Melee: Unarmed           |     7 |       |       |       ||     7
       Dagger            |    21 |       |       |       ||    21
       Short sword       |    15 |    31 |    57 |       ||   103
       Rapier            |       |       |   109 |     5 ||   114
 Cast: Flame Tongue      |    83 |    58 |   270 |    57 ||   468
       Sticky Flame      |       |     1 |    13 |     5 ||    19
       Conjure Flame     |       |       |     6 |     2 ||     8
Evoke: Wand              |       |       |       |     1 ||     1
  Use: Potion            |       |     2 |     1 |     1 ||     4
       Scroll            |       |       |    15 |     1 ||    16
 Stab: Sleeping          |     2 |       |     4 |       ||     6
  Eat: Chunk             |     5 |     2 |    19 |     3 ||    29
       Bread ration      |       |     1 |     1 |       ||     2
       Pizza             |       |       |     1 |       ||     1
